Unix NetHack Version 5.0.0-0 post-release - last build Jun 10 2026 00:39:30 (3ee93aec679c4c4259841fe613dc97188e26a321,branch:main).

Game began 2026-06-18 15:44:35, ended 2026-06-18 16:46:02.

GdeVolpiano, neutral female human Archeologist

                          --------------  ---------
                         --.....--..........).....-
                         |.........----  ..-----
                         |.....*...|
                         ---@-...<--
                          ..G.--...|
                          -....|..--
                          ---..----
                             ...
                             .---
                             .|
                             .|

GdeVolpiano the Field Worker  St:15 Dx:9 Co:12 In:12 Wi:18 Ch:9  Neutral
Dlvl:4  $:20 HP:0(20) Pw:12(12) AC:6  Xp:3 T:1051 

Latest messages:
 o - a curved sword (weapon in right hand).
 e - a +0 pick-axe (alternate weapon; not wielded).
 $ - 7 gold pieces (20 in total).
 The kobold opens a door.
 The kobold hits!
 You miss the kobold.
 You kill the kobold!
 Welcome to experience level 3.
 The giant rat bites!
 You hit the giant rat.
 You miss the giant rat.
 The giant rat bites!
 You miss the giant rat.
 You miss the giant rat.
 You miss the giant rat.
 The giant rat just misses!
 You miss the giant rat.
 You miss the giant rat.
 The giant rat bites!
 You kill the giant rat!
 Where do you want to travel to?
 (For instructions type a '?')
 Unknown direction: 'M-B' (use 'h', 'j', 'k', 'l' or '.').
 Unknown direction: 'M-;' (use 'h', 'j', 'k', 'l' or '.').
 You descend the stairs.
 You kill the gnome!
 There is a gnome corpse here; eat it? [ynq] (n)
 This gnome corpse is tough.
 You finish eating the gnome corpse.
 f - a black gem.
 What do you want to use or apply? [aeghx or ?*]
 What do you want to rub on the stone? [$f or ?*]
 f - a worthless piece of black glass.
 What do you want to drop? [$a-hjorv-x or ?*]
 You drop a worthless piece of black glass.
 You hit the gnome lord.
 You miss the gnome lord.
 The gnome lord hits!
 You hit the gnome lord.
 You miss the gnome lord.
 The gnome lord hits!
 You hit the gnome lord.
 The gnome lord hits!
 You hit the gnome lord.
 You miss the gnome lord.
 You miss the gnome lord.
 The gnome lord hits!
 You die...
 Do you want your possessions identified? [ynq] (y)
 Do you want to see your attributes? [ynq] (y)

Inventory:
 Coins    ('$')
  $ - 20 gold pieces
 Weapons  (')')
  a - a +2 bullwhip
  o - a +0 scimitar (weapon in right hand)
 Armor    ('[')
  c - an uncursed +0 fedora (being worn)
  r - an uncursed +0 pair of speed boots (being worn)
  j - an uncursed +0 studded leather armor (being worn)
 Comestibles  ('%')
  d - 6 uncursed food rations
  b - an uncursed lembas wafer
 Potions  ('!')
  w - 2 blessed potions of healing
  v - 2 uncursed potions of healing
 Tools    ('(')
  h - an empty uncursed sack
  x - a cursed brass lantern
  e - a +0 pick-axe (alternate weapon; not wielded)
 Gems/Stones  ('*')
  g - an uncursed touchstone

GdeVolpiano the Archeologist's attributes:

Background:
 You were a Field Worker, a level 3 female human Archeologist.
 You were neutral, nominally on a mission for Camaxtli
 who was opposed by Quetzalcoatl (lawful) and Huhetotl (chaotic).
 You were right-handed.
 You were in the Gnomish Mines, on level 4.
 You entered the dungeon 1051 turns ago.
 You had 51 experience points, 29 more were needed to attain level 4.

Basics:
 You had 0 out of 20 hit points.
 You had all 12 energy points (spell power).
 Your armor class was 6.
 Your wallet contained 20 zorkmids.
 Autopickup was on for '$?!/="+' plus thrown, with exceptions.

Final Characteristics:
 Your strength was 15 (limit:18/100).
 Your dexterity was 9 (limit:18).
 Your constitution was 12 (limit:18).
 Your intelligence was 12 (limit:18).
 Your wisdom was 18 (limit:18).
 Your charisma was 9 (limit:18).

Final Status:
 You weren't hungry.
 You were unencumbered.
 You were wielding a saber.
 You were unskilled in saber.

Final Attributes:
 You had strayed.
 You had automatic searching.
 You were warded.
 You were very fast.
 You are dead.

Miscellaneous:
 You didn't encounter any bones levels.
 Total elapsed playing time was 9 minutes and 59 seconds.

Major events:
 Turn
    1: GdeVolpiano the neutral female human Archeologist entered the dungeon
  939: entered the Gnomish Mines
  974: attained the rank of Field Worker (level 3)
 1051: killed by a gnome lord

You didn't know any spells.

Skills:
 Fighting Skills
   bare handed combat [Unskilled]
   two weapon combat  [Unskilled]
   riding             [Unskilled]
 Weapon Skills
   dagger             [Unskilled]
   knife              [Unskilled]
   pick-axe           [Basic]
   short sword        [Unskilled]
   saber              [Unskilled]
   club               [Unskilled]
   quarterstaff       [Unskilled]
   sling              [Unskilled]
   dart               [Unskilled]
   boomerang          [Unskilled]
   whip               [Basic]
   unicorn horn       [Unskilled]
 Spellcasting Skills
   attack spells      [Unskilled]
   healing spells     [Unskilled]
   divination spells  [Unskilled]
   matter spells      [Unskilled]

Voluntary challenges:
 Character rerolling was not enabled.
 You were an atheist.
 You never genocided any monsters.
 You never polymorphed an object.
 You never changed form.
 You used no wishes.
Achievements:
 You entered a shop.
 You entered the Gnomish Mines.
 You attained the rank of Field Worker.

 The Dungeons of Doom: levels 1 to 4
    Level 1:
    Level 2:
       A general store, a fountain.
    Level 3:
       A vegetarian food shop, many fountains.
       Stairs down to The Gnomish Mines.
    Level 4:
 The Gnomish Mines:
    Level 4: <- You were here.
       Final resting place for
          you, killed by a gnome lord.


Vanquished creatures:
  a little dog
  a giant rat
  a gnome
  a gecko
  2 jackals
  a kobold
  a goblin
  2 sewer rats
  4 grid bugs
  3 lichens
  5 newts
22 creatures vanquished.

No species were genocided or became extinct.

Game over:
                       ----------
                      /          \
                     /    REST    \
                    /      IN      \
                   /     PEACE      \
                  /                  \
                  |   GdeVolpiano    |
                  |      20 Au       |
                  |   killed by a    |
                  |    gnome lord    |
                  |                  |
                  |                  |
                  |       2026       |
                 *|     *  *  *      | *
        _________)/\\_//(\/(/\)/\//\/|_)_______

Goodbye GdeVolpiano the Archeologist...

You died in The Gnomish Mines on dungeon level 4 with 372 points,
and 20 pieces of gold, after 1051 moves.
You were level 3 with a maximum of 20 hit points when you died.

